 Dungeon Crawl Stone Soup version 0.17-a0-2217-ga280b8d (webtiles) character file.

10134 Ordine the Thaumaturge (level 11, 0/64 HPs)
             Began as a Gargoyle Earth Elementalist on Oct 28, 2015.
             Was a Priest of Vehumet.
             Slain by a skeletal warrior
             ... wielding a +0 short sword
              (15 damage)
             ... on level 11 of the Dungeon.
             The game lasted 00:57:31 (16857 turns).

Ordine the Thaumaturge (GrEE)                      Turns: 16857, Time: 00:57:31

Health: 0/64       AC: 18    Str: 18    XL:     11   Next: 57%
Magic:  0/24       EV: 13    Int: 22    God:    Vehumet [***...]
Gold:   641        SH:  5    Dex: 10    Spells: 4 memorised, 17 levels left

rFire  + . .     SeeInvis .     t - +2 mace (freeze)
rCold  . . .     Clarity  .     z - +2 leather armour {rF+}
rNeg   + + +     SustAt   .     y - +0 buckler {rN+}
rPois  ∞         Gourm    .     p - +1 helmet
rElec  +         Spirit   .     (no cloak)
rCorr  .         Warding  .     (no gloves)
rMut   .         Stasis   .     w - +2 pair of boots {Fly}
MR     .....                    (no amulet)
Stlth  ++........               E - ring of positive energy
                                x - +4 ring of intelligence

@: mighty, flying, not resistant to hostile enchantments, unstealthy
A: negative energy resistance 1, electricity resistance, unbreathing,
petrification resistance, rot immunity, AC +7
a: Renounce Religion, Stop Flying


You were on level 11 of the Dungeon.
You worshipped Vehumet.
Vehumet was most pleased with you.
You were very hungry.

You visited 2 branches of the dungeon, and saw 12 of its levels.

You collected 641 gold pieces.

Inventory:

Hand Weapons
 t - a +2 mace of freezing (weapon)
Missiles
 a - 297 stones (quivered)
Armour
 p - a +1 helmet (worn)
 w - a +2 pair of boots of flying (worn)
 y - a +0 buckler of positive energy (worn)
 z - a +2 leather armour of fire resistance (worn)
Jewellery
 x - a +4 ring of intelligence (left hand)
 E - a ring of positive energy (right hand)
Wands
 h - a wand of cold (7)
 l - a wand of heal wounds (4)
 q - a wand of hasting (5)
 D - a wand of fireball (5)
 F - a wand of fire (3)
Scrolls
 g - a scroll of magic mapping
 m - 3 scrolls of immolation
 n - 5 scrolls of remove curse
 r - 3 scrolls of amnesia
 s - 2 scrolls of recharging
 B - 2 scrolls of teleportation
 G - a scroll of blinking
 H - a scroll of fear
Potions
 e - 3 potions of heal wounds
 k - a potion of curing
 u - 5 potions of haste
 A - a potion of brilliance {unknown}
Books
 c - a book of Geomancy

   Spells                             Type                      Level
   a - Sandblast                      Earth                        1
   b - Stoneskin                      Transmutation/Earth          2
   c - Passwall                       Transmutation/Earth          3
   d - Stone Arrow                    Conjuration/Earth            3
   e - Petrify                        Transmutation/Earth          4
   f - Lee's Rapid Deconstruction     Earth                        5
Comestibles
 b - 2 beef jerkies
 d - 7 bread rations
 f - 4 meat rations
 i - a royal jelly
 v - 7 slices of pizza
 C - 5 fruits


   Skills:
 + Level 5.7 Fighting
 + Level 5.4 Maces & Flails
 + Level 5.7 Armour
 + Level 4.5 Dodging
 - Level 2.1 Stealth
 - Level 5.1 Shields
 * Level 9.0 Spellcasting
 + Level 6.7 Conjurations
 - Level 0.7 Transmutations
 + Level 8.7 Earth Magic
 + Level 2.2 Evocations


You had 17 spell levels left.
You knew the following spells:

 Your Spells              Type           Power        Failure   Level  Hunger
a - Sandblast             Erth           #####.       1%          1    None
b - Stone Arrow           Conj/Erth      #####.       1%          3    None
c - Stoneskin             Trmt/Erth      ####....     1%          2    None
d - Lee's Rapid Deconstr  Erth           #####.....   2%          5    #####..


Dungeon Overview and Level Annotations

Branches:
Dungeon (11/15)            Temple (1/1) D:6            Lair (0/8) D:11
    Orc (0/4) D:10

Altars:
Ashenzari
Cheibriados
Dithmenos
Elyvilon
Fedhas
Gozag
Kikubaaqudgha
Makhleb
Nemelex Xobeh
Okawaru
Qazlal
Ru
Sif Muna
Trog
Vehumet
Xom
Yredelemnul
Zin
The Shining One


Innate Abilities, Weirdness & Mutations

You are resistant to torment.
Your stone body is resilient (AC +7).
You are immune to poison.
You resist negative energy.
You are resistant to electric shocks.
You can survive without breathing.
You are immune to petrification.
You are immune to rotting.


Message History

Casting: Stone Arrow
Confirm with . or Enter, or press ? or * to list all spells.
Aiming: Stone Arrow
Press: ? - help, Shift-Dir - straight line, f/p - skeletal warrior
Aim: a skeletal warrior, wielding a short sword (lightly damaged)
The stone arrow hits the skeletal warrior.
The skeletal warrior is lightly damaged.
You hit the skeletal warrior. You freeze the skeletal warrior.
The skeletal warrior is moderately damaged.
You are feeling very hungry.
The skeletal warrior hits you with a short sword!
You hit the skeletal warrior but do no damage.
The skeletal warrior is moderately damaged.
The skeletal warrior hits you but does no damage.
You hit the skeletal warrior.
The skeletal warrior is moderately damaged.
The skeletal warrior hits you with a short sword!
* * * LOW HITPOINT WARNING * * *
The skeletal warrior hits you with a short sword!
You die...

## ... .... .....
#######################......
................@z....)......
#######################......
#.#### ...## #..# ##.###
#....# #....# #....#


You could see a skeletal warrior.

Vanquished Creatures
  The ghost of Ordine the Cleaver, a novice DDFi (D:10)
  The ghost of Mercurio the Cleaver, a novice DsFi of Okawaru (D:9)
  3 skeletal warriors (D:11)
  A hill giant (D:10)
  A manticore (D:11)
  2 two-headed ogres
  Grinder (D:5)
  A hog (D:7)
  A human (D:7)
  2 hippogriffs
  A hungry ghost (D:6)
  A warg (D:10)
  A soldier ant (D:11)
  2 water moccasins (D:8)
  2 wasps
  2 orc warriors
  A black bear (D:9)
  A necrophage (D:10)
  5 sky beasts
  2 ogres
  A phantom (D:5)
  3 centaurs
  9 big kobolds
  2 giant frogs
  A gnoll sergeant (D:10)
  A water moccasin zombie (D:8)
  3 killer bees (D:11)
  5 scorpions
  4 wights
  7 crimson imps
  3 hounds
  A centaur zombie (D:9)
  7 orc priests
  A giant frog skeleton (D:7)
  Ijyb (D:2)
  A jelly (D:9)
  2 quasits
  7 worker ants
  5 iguanas
  A gnoll shaman (D:4)
  14 orc wizards
  3 sheep (D:7)
  A hound skeleton (D:5)
  A worker ant zombie (D:11)
  15 gnolls
  12 adders
  3 shadow imps
  An ooze (D:3)
  An adder skeleton (D:9)
  7 giant geckos
  44 orcs
  A ball python (D:7)
  4 bats
  8 giant cockroaches
  11 hobgoblins
  26 jackals
  21 kobolds
  4 quokkas
  A giant cockroach zombie (D:6)
  A giant gecko skeleton (D:4)
  5 giant newts
  5 goblins (D:1)
  3 quokka skeletons
  8 rats
  A spectral orc (D:2)
298 creatures vanquished.

Vanquished Creatures (others)
  A jackal (D:8)
1 creature vanquished.

Grand Total: 299 creatures vanquished

Notes
Turn   | Place    | Note
--------------------------------------------------------------
     0 | D:1      | Ordine the Gargoyle Earth Elementalist began the quest for the Orb.
     0 | D:1      | Reached XP level 1. HP: 10/10 MP: 3/3
   411 | D:1      | Reached XP level 2. HP: 15/15 MP: 3/5
   436 | D:1      | Learned a level 2 spell: Stoneskin
  1193 | D:1      | Reached skill level 4 in Earth Magic
  1193 | D:1      | Reached XP level 3. HP: 8/19 MP: 1/7
  1393 | D:1      | Learned a level 3 spell: Stone Arrow
  2027 | D:2      | Reached XP level 4. HP: 15/24 MP: 0/9
  2146 | D:2      | Noticed Ijyb
  2149 | D:2      | Reached skill level 1 in Conjurations
  2200 | D:2      | Killed Ijyb
  2714 | D:2      | Found a basalt altar of Yredelemnul.
  2811 | D:2      | Reached XP level 5. HP: 24/28 MP: 0/10
  2903 | D:2      | Learned a level 5 spell: Lee's Rapid Deconstruction
  3794 | D:3      | Reached skill level 5 in Earth Magic
  3794 | D:3      | Reached XP level 6. HP: 24/32 MP: 6/12
  4326 | D:4      | Found a bloodstained altar of Trog.
  4509 | D:4      | Found a white marble altar of Elyvilon.
  4579 | D:4      | Found a shadowy altar of Dithmenos.
  4580 | D:4      | Found a burning altar of Makhleb.
  4970 | D:4      | Reached skill level 5 in Spellcasting
  5114 | D:4      | Reached XP level 7. HP: 7/36 MP: 0/14
  5685 | D:5      | Entered Level 5 of the Dungeon
  5747 | D:5      | Found a sparkling altar of Nemelex Xobeh.
  6068 | D:5      | Noticed Grinder
  6108 | D:5      | Killed Grinder
  6108 | D:5      | Reached skill level 1 in Fighting
  6108 | D:5      | Reached skill level 6 in Earth Magic
  6304 | D:5      | Reached skill level 1 in Maces & Flails
  6304 | D:5      | Reached skill level 1 in Armour
  6304 | D:5      | Reached XP level 8. HP: 29/43 MP: 4/16
  6394 | D:5      | Found a shattered altar of Ashenzari.
  6432 | D:5      | Noticed a two-headed ogre
  6446 | D:5      | Killed a two-headed ogre
  7324 | D:6      | Found a staircase to the Ecumenical Temple.
  7330 | Temple   | Entered the Ecumenical Temple
  7340 | Temple   | Became a worshipper of Vehumet
  8053 | D:6      | Reached skill level 7 in Earth Magic
  8053 | D:6      | Reached XP level 9. HP: 49/49 MP: 11/18
  8778 | D:7      | Reached * piety under Vehumet
  8778 | D:7      | Offered knowledge of Flame Tongue by Vehumet.
  9212 | D:7      | Reached skill level 1 in Shields
 10069 | D:7      | Reached skill level 5 in Shields
 10470 | D:8      | Found Deorech's Book Shoppe.
 10781 | D:8      | Reached skill level 5 in Conjurations
 10817 | D:8      | Reached XP level 10. HP: 48/56 MP: 1/21
 11141 | D:8      | Offered knowledge of Searing Ray by Vehumet.
 11150 | D:8      | Reached ** piety under Vehumet
 12339 | D:9      | Noticed Mercurio's ghost (novice DsFi)
 12365 | D:9      | Killed Mercurio's ghost
 12894 | D:9      | Reached skill level 8 in Spellcasting
 13516 | D:9      | Offered knowledge of Inner Flame by Vehumet.
 13808 | D:10     | Entered Level 10 of the Dungeon
 14181 | D:10     | Noticed a hill giant
 14187 | D:10     | Killed a hill giant
 14279 | D:10     | Noticed Ordine's ghost (novice DDFi)
 14296 | D:10     | Killed Ordine's ghost
 14296 | D:10     | Reached skill level 5 in Fighting
 14296 | D:10     | Reached skill level 1 in Evocations
 14296 | D:10     | Reached XP level 11. HP: 48/63 MP: 2/23
 14526 | D:10     | Reached skill level 5 in Armour
 14533 | D:10     | Reached *** piety under Vehumet
 14945 | D:10     | Found a staircase to the Orcish Mines.
 15395 | D:10     | Reached skill level 5 in Maces & Flails
 15627 | D:11     | Offered knowledge of Throw Icicle by Vehumet.
 15791 | D:11     | Noticed a skeletal warrior
 15877 | D:11     | Killed a skeletal warrior
 16712 | D:11     | Found a staircase to the Lair.
 16808 | D:11     | Noticed a skeletal warrior
 16808 | D:11     | Noticed a skeletal warrior
 16811 | D:11     | Noticed a skeletal warrior
 16826 | D:11     | Killed a skeletal warrior
 16826 | D:11     | Reached skill level 9 in Spellcasting
 16852 | D:11     | Killed a skeletal warrior
 16857 | D:11     | Slain by a skeletal warrior

Vault maps used:
D:1:      denvon_arrival_planthouse
D:2:      yredelemnul_forgotten_temple_becter, minivault_14, uniq_iyjb
D:4:      bloody_trog, gammafunk_temple_overflow_forgotten, first_bread
D:5:      lemuel_doored_altar, nicolae_ashenzari_panopticon, uniq_grinder
D:6:      minmay_temple_entry_fiery, minmay_misc_feat_four_crosses
D:7:      kb_lookout_dungeons_type, grunt_livestock, minmay_unpleasant_kobolds
D:8:      serial_shops, nicolae_shop_crystal, special_room, nicolae_sextant
D:10:     david_orc_1_choice
D:11:     lair_0_dummy
Temple:   circular_temple_12

Action                   |  1- 3 |  4- 6 |  7- 9 | 10-12 || total
-------------------------+-------+-------+-------+-------++-------
Melee: Club              |    50 |   101 |    71 |       ||   222
       Unarmed           |     8 |       |       |       ||     8
       Mace              |       |       |    63 |   151 ||   214
 Cast: Sandblast         |    78 |   161 |   305 |    49 ||   593
       Stoneskin         |     1 |     1 |    10 |    13 ||    25
       Stone Arrow       |       |       |    47 |   190 ||   237
Evoke: Wand              |       |       |       |     1 ||     1
  Use: Scroll            |     5 |     9 |     8 |     4 ||    26
       Potion            |       |     1 |       |     5 ||     6
 Stab: Sleeping          |       |     1 |     1 |       ||     2
       Invisible         |       |       |       |     1 ||     1
  Eat: Chunk             |     4 |     9 |    15 |    14 ||    42
       Beef jerky        |       |       |     1 |     1 ||     2
       Pizza             |       |       |     1 |       ||     1
       Bread ration      |       |       |       |     1 ||     1
